 Dungeon Crawl Stone Soup version 0.27.0-1-g7a089689b8 (webtiles) character file.

Game seed: 14474427850641533146

464 voltaire321 the Magician (level 6, 0/35 HPs)
             Began as a Deep Elf Air Elementalist on Aug 12, 2021.
             Was a Follower of Sif Muna.
             Killed from afar by an orc wizard (9 damage)
             ... with a magic dart
             ... on level 5 of the Dungeon.
             The game lasted 00:16:49 (5948 turns).

voltaire321 the Magician (DEAE)                     Turns: 5948, Time: 00:16:50

Health: 0/35       AC:  3    Str:  6    XL:     6   Next: 80%
Magic:  11/15      EV: 13    Int: 27    God:    Sif Muna [*.....]
Gold:   157        SH:  0    Dex: 15    Spells: 6/14 levels left

rFire    . . .     SeeInvis .   b - +4 dagger (protect)
rCold    . . .     Faith    .   (no shield)
rNeg     . . .     Spirit   .   a - +0 robe
rPois    .         Reflect  .   (no helmet)
rElec    .         Harm     .   i - +0 cloak
rCorr    .         Rampage  .   (no gloves)
Will     +....                  (no boots)
Stlth    ++........             (no amulet)
HPRegen  0.11/turn              q - +6 ring of intelligence
MPRegen  0.14/turn              k - ring of willpower

@: no status effects
A: no striking features
a: Renounce Religion, Channel Magic


You were on level 5 of the Dungeon.
You worshipped Sif Muna.
Sif Muna was aware of your devotion.
You visited 2 branches of the dungeon, and saw 6 of its levels.
You also visited: Ossuary.

You collected 157 gold pieces.

Inventory:

Hand Weapons
 b - a +4 dagger of protection (weapon)
Armour
 a - a +0 robe (worn)
 i - a +0 cloak (worn)
 x - a +2 ring mail of fire resistance
Jewellery
 k - a ring of willpower (right hand)
 o - a ring of protection from cold
 q - a +6 ring of intelligence (left hand)
Wands
 j - a wand of paralysis (6)
 m - a wand of charming (11)
Scrolls
 g - 4 scrolls of identify
 h - 2 scrolls of amnesia
 n - 2 scrolls of teleportation {unknown}
 r - a scroll of summoning {unknown}
 u - a scroll of blinking {unknown}
Potions
 c - 2 potions of cancellation
 d - a potion of invisibility {unknown}
 e - 3 potions of might {unknown}
 f - 3 potions of degeneration {unknown}
 l - 2 potions of curing {unknown}
 p - 3 potions of lignification {unknown}
 s - 2 potions of heal wounds {unknown}
 t - a potion of haste {unknown}
 v - a potion of resistance {unknown}
 w - a potion of ambrosia {unknown}


   Skills:
 + Level 2.2 Fighting
 + Level 0.0 Armour
 + Level 4.2 Dodging
 - Level 2.4 Stealth
 + Level 4.8 Spellcasting
 + Level 3.2 Conjurations
 + Level 1.9 Summonings
 + Level 4.1 Air Magic
 + Level 1.3 Invocations


You had 6 spell levels left.
You knew the following spells:

 Your Spells              Type           Power      Damage    Failure   Level
a - Shock                 Conj/Air       100%       1d9       1%          1
b - Static Discharge      Conj/Air       26%        N/A       2%          2
c - Call Imp              Summ           17%        N/A       4%          2
d - Swiftness             Air            28%        N/A       4%          3

Your spell library contained the following spells:

 Spells                   Type           Power      Damage    Failure   Level
 Magic Dart               Conj           96%        1d7       1%          1
 Animate Skeleton         Necr           12%        N/A       8%          1
 Pain                     Necr           24%        1d5       8%          1
 Mephitic Cloud           Conj/Pois/Air  19%        N/A       8%          3
 Ensorcelled Hibernation  Hex/Ice        12%        N/A       11%         2
 Airstrike                Air            14%        N/A       13%         4
 Spider Form              Tmut/Pois      3%         N/A       22%         3
 Vampiric Draining        Necr           3%         2d6       22%         3
 Shadow Creatures         Summ           N/A        N/A       99%         6


Dungeon Overview and Level Annotations

Branches:
Dungeon (5/15)             Temple (1/1) D:4         Ossuary (visited)

Altars:
Ashenzari
Cheibriados
Fedhas
Kikubaaqudgha
Makhleb
Nemelex Xobeh
Okawaru
Qazlal
Ru
Sif Muna
Vehumet
Xom
Zin

Annotations:
D:5 1 runed translucent door, Thraspic's ghost, weakling KoDe


Message History

Something hits you.
Your shadow imp hits something.
You completely miss something.
The orc hits your shadow imp with a +0 flail.
Something hits you.
Your shadow imp barely misses the orc.
You closely miss something.
Your crimson imp disappears in a puff of smoke!
Something hits you.
The orc completely misses your shadow imp.
Your shadow imp hits the orc.
You miss something. Something barely misses you.
The orc hits your shadow imp with a +0 flail.
Your shadow imp misses the orc.
You miss something. Something hits you. The orc barely misses your shadow imp.
Your shadow imp hits the orc.
You barely miss something. Something hits you but does no damage.
The orc barely misses your shadow imp.
Your shadow imp gestures at the orc.
The orc barely resists.
You miss something.
Your crimson imp disappears in a puff of smoke!
Something hits you. The orc closely misses your shadow imp.
Your shadow imp hits the orc but does no damage.
You closely miss something. Something hits you but does no damage.
The orc hits your shadow imp with a +0 flail.
Your shadow imp dies!
You miss something. Something hits you.
Casting: Call Imp (safe; 4% risk of failure)
Confirm with . or Enter, or press ? or * to list all spells.
A beastly little devil appears in a puff of frigid air.
The orc closely misses you. Something hits you.
You miss something. The orc hits you with a +0 flail.
You hear some strange, mumbled words.
A puff of flame appears from out of thin air!
The puff of flame hits you.
You barely miss something. The orc barely misses you. Something hits you.
* * * LOW HITPOINT WARNING * * *
Your white imp barely misses something.
A magic dart appears from out of thin air!
The magic dart hits you!
You die...

..........#.......##.....#.#.....
............8#.#.#8..........#.#.
..........#.##...###.............
........###.##..#.##.....#.#.#.#.
.........,..#............#.......
........#####.....#............#.
...........o.#.{5##............#.
,.......o...8##o.#8..........#.#.
,,,,........##..@.....##.#####...
,,,,o...######........##.# #...
,,,,...,* #........##.#####...
,,,,..,,* #........##....##...
,,,,.,,,* #........##....##...
,,,,,,,,* #........##....##...
,,,,,,,,* ######.####....##...
,,,,,,,,* #.#.......##...
,,,,,,,,* ######.#.......##...


You could see an orc (ally target) and a friendly white imp (summoned).

Vanquished Creatures
  A scorpion (D:4)
  A centaur zombie (D:5)
  2 hounds (D:4)
  2 jellies
  6 mummies (Ossuary)
  An adder (D:3)
  A worm (D:2)
  2 dart slugs (D:1)
  5 orcs
  6 endoplasms
  4 giant cockroaches
  4 goblins
  3 hobgoblins
  3 jackals (D:1)
  9 kobolds
  3 quokkas
  10 ball pythons
  4 bats
  2 frilled lizards
  3 gnoll skeletons (Ossuary)
  2 goblin skeletons (Ossuary)
  A kobold skeleton (Ossuary)
  2 orc skeletons (Ossuary)
  3 rats
  5 rat skeletons (Ossuary)
85 creatures vanquished.

Vanquished Creatures (collateral kills)
  A water moccasin skeleton (D:5)
  5 mummies (Ossuary)
  3 orcs (D:5)
  6 rat skeletons (Ossuary)
15 creatures vanquished.

Grand Total: 100 creatures vanquished

Notes
Turn   | Place    | Note
-------+----------+-------------------------------------------
     0 | D:1      | voltaire321 the Deep Elf Air Elementalist began the quest
                  | for the Orb.
     0 | D:1      | Reached XP level 1. HP: 10/10 MP: 6/6
   224 | D:1      | Reached XP level 2. HP: 16/16 MP: 6/8
   227 | D:1      | Learned a level 2 spell: Static Discharge
   974 | D:1      | Reached XP level 3. HP: 20/20 MP: 6/9
  1058 | D:1      | Learned a level 3 spell: Swiftness
  1427 | D:2      | Reached skill level 1 in Fighting
  2249 | D:3      | Found a broken altar of Ashenzari.
  2751 | D:4      | Noticed a scorpion
  2758 | D:4      | Killed a scorpion
  2759 | D:4      | Reached XP level 4. HP: 23/25 MP: 1/12
  2905 | D:4      | Learned a level 2 spell: Call Imp
  2930 | D:4      | Found a staircase to the Ecumenical Temple.
  2963 | D:4      | Reached XP level 5. HP: 10/29 MP: 0/13
  3248 | D:4      | Found a sacrificial altar of Ru.
  3567 | D:4      | Found a shimmering altar of Xom.
  3703 | D:4      | Reached skill level 1 in Summonings
  4048 | Temple   | Entered the Ecumenical Temple
  4055 | Temple   | Became a worshipper of Sif Muna the Loreminder
  4160 | D:5      | Entered Level 5 of the Dungeon
  4178 | D:5      | Found a sand-covered staircase.
  4191 | Ossuary  | Entered an ossuary
  4254 | Ossuary  | Reached XP level 6. HP: 27/35 MP: 14/14
  4804 | Ossuary  | Reached * piety under Sif Muna
  5212 | Ossuary  | Reached skill level 1 in Invocations
  5771 | D:5      | Found a runed translucent door.
  5771 | D:5      | Noticed Thraspic's ghost (weakling KoDe)
  5948 | D:5      | Killed from afar by an orc wizard

Illustrated notes

Levels and vault maps discovered:
D:1:      minmay_arrival_cross, layout_loops_ring
D:2:      layout_basic, kennysheep_donut
D:3:      layout_basic, cheibrodos_ashenzari_chains, minmay_statues_item
D:4:      layout_cave_pools, mainiacjoe_overflow_chevrons,
          mainiacjoe_overflow_catwalk, minmay_temple_entry_slanted,
          serial_column_ruins, column_ruins_corridor_straight,
          column_ruins_grid_1, column_ruins_corridor_straight,
          column_ruins_columns_corner, column_ruins_grid_3,
          chequers_serial_rivers_room_a
D:5:      layout_basic, general_overflow_altar, grunt_gozag_breadcrumbs,
          lightli_ossuary_entry_decrepit_ruins, ebering_ghost_inner_flame,
          uniq_pikel, uniq_ijyb
Temple:   eino_temple_lava

Skill      XL: |  1  2  3  4  5  6 |
---------------+-------------------+-----
Dodging        | 3 4 |  4.2
Fighting       | 1 2 |  2.2
Conjurations   | 2 3 |  3.2
Spellcasting   | 4 |  4.8
Summonings     | 1 |  1.9
Air Magic      | 4 |  4.1
Invocations    | 1 |  1.3
Stealth        | |  2.4

Action                   |  1- 3 |  4- 6 || total
-------------------------+-------+-------++-------
Melee: Short sword       |    10 |     8 ||    18
       Dagger            |       |   157 ||   157
 Cast: Shock             |    77 |    33 ||   110
       Static Discharge  |     3 |     4 ||     7
       Call Imp          |       |    26 ||    26
  Use: Scroll            |     4 |     1 ||     5
 Stab: Sleeping          |       |     7 ||     7
       Distracted        |       |     3 ||     3
Armor: Robe              |     3 |    25 ||    28
Dodge: Dodged            |    19 |    95 ||   114
